 Dungeon Crawl Stone Soup version 0.31-a0-875-g02e7d12df6 (webtiles) character file.

Game seed: 5961309077672572482

36 Azuregosa the Conjurer (level 3, -10/21 HPs)
             Began as an Octopode Conjurer on Oct 12, 2023.
             Mangled by Robin
             ... wielding a +1 heavy spear
              (11 damage)
             ... on level 2 of the Dungeon.
             The game lasted 00:04:39 (1131 turns).

Azuregosa the Conjurer (Octopode Conjurer)          Turns: 1131, Time: 00:04:40

Health: -10/21     AC:  1    Str:  6    XL:     3   Next: 37%
Magic:  0/7        EV: 13    Int: 22    God:
Gold:   31         SH:  0    Dex: 10    Spells: 3/7 levels left

rFire   . . .        (no weapon)
rCold   . . .        (no shield)
rNeg    . . .        (helmet restricted)
rPois   .            (no amulet)
rElec   .            (no ring)
rCorr   .            (no ring)
SInv    .            (no ring)
Will    .....        (no ring)
Stlth   +++          (no ring)
HPRegen 0.23/turn    (no ring)
MPRegen 0.10/turn    (no ring)
                     (no ring)

%: no passive effects
@: very slightly contaminated
A: almost no armour, amphibious, 8 rings, camouflage 1, gelatinous body 1,
(nimble swimmer 1), tentacles
a: no special abilities


You were on level 2 of the Dungeon.
You visited 1 branch of the dungeon, and saw 2 of its levels.

You collected 31 gold pieces.

Inventory:

Missiles
 b - 2 poisoned darts
Scrolls
 c - a scroll of enchant weapon {unknown}
 d - 2 scrolls of identify {unknown}
 e - 2 scrolls of teleportation {unknown}
 f - a scroll of amnesia {unknown}
Potions
 a - 2 potions of magic


   Skills:
 - Level 2.0 Dodging
 - Level 2.6 Stealth
 + Level 2.8 Spellcasting
 + Level 4.6 Conjurations


You had 3 spell levels left.
You knew the following spells:

 Your Spells              Type           Power      Damage    Failure   Level
a - Magic Dart            Conj           92%        1d7       1%          1
b - Mephitic Cloud        Conj/Pois/Air  9%         N/A       21%         3

Your spell library contained the following spells:

 Spells                   Type           Power      Damage    Failure   Level
 Searing Ray              Conj           46%        2d6       3%          2
 Dazzling Flash           Conj/Hex       26%        N/A       14%         3
 Call Imp                 Summ           6%         N/A       19%         2
 Fulminant Prism          Conj/Hex       6%         3d7       43%         4
 Iskenderun's Mystic Bla  Conj/Tloc      13%        2d5       43%         4


Dungeon Overview and Level Annotations

Branches:
Dungeon (2/15)

Altars:

Annotations:
D:2 Robin


Innate Abilities, Weirdness & Mutations

You cannot wear most types of armour.
You are amphibious.
You can wear up to eight rings at the same time.
Your skin changes colour to match your surroundings (Stealth+).
Your rubbery body absorbs attacks. (AC +1, EV +1)
((You are camouflaged when in or above water. (Stealth+)))
You have tentacles for arms and can constrict up to eight enemies at once.


Message History

You kill the goblin!
Casting: Magic Dart (safe; 1% risk of failure)
Confirm with . or Enter, or press ? or * to list all spells.
Aiming: Mephitic Cloud (extremely dangerous; 21% risk of failure)
Press: ? - help, Shift-Dir - straight line, f - goblin
Aim: a goblin, wielding a +0 dagger (strong, chance to affect: 96%)
The ball explodes into a vile cloud!
The stinking cloud engulfs the goblin but does no damage.
The stinking cloud engulfs Robin but does no damage.
You hear a shout!
The goblin is engulfed in noxious fumes.
The goblin appears confused.
Robin throws the goblin at you!
There are monsters nearby!
You tentacle-slap the goblin but do no damage.
Your grab misses the goblin. Your squeeze misses the goblin.
The goblin misses you.
You tentacle-slap the goblin. You grab the goblin. You squeeze the goblin.
You kill the goblin!
A hobgoblin comes into view.
Robin hits you from afar with a +1 heavy spear.
* * * LOW HITPOINT WARNING * * *
Casting: Mephitic Cloud (extremely dangerous; 21% risk of failure)
Confirm with . or Enter, or press ? or * to list all spells.
Aiming: Magic Dart (safe; 1% risk of failure)
Press: ? - help, Shift-Dir - straight line, f - Robin
Aim: Robin, wielding a +1 heavy spear, wearing a +0 animal skin and wearing a +0 helmet (100% to hit)
The magic dart hits Robin.
Robin is moderately wounded.
Casting: Magic Dart (safe; 1% risk of failure)
Confirm with . or Enter, or press ? or * to list all spells.
Aiming: Mephitic Cloud (extremely dangerous; 21% risk of failure)
Press: ? - help, Shift-Dir - straight line, f/p - Robin
Aim: Robin, wielding a +1 heavy spear, wearing a +0 animal skin and wearing a +0 helmet (moderately wounded, chance to affect: 91%)
You miscast Mephitic Cloud.
You are very lightly contaminated with residual magic.
Nothing appears to happen.
Robin hits you from afar with a +1 heavy spear!
Ouch! That really hurt!
You die...
Robin lets out a smug laugh.

#<...............#
################.#
#.# #.# #.# #.#
### #.# #.#####.#
#gg)@)..#
#.####### #.#.gg
#g#.# #g..# #####
#####..#


You could see Robin and a hobgoblin (strong).

Vanquished Creatures
  2 bats (D:1)
  4 endoplasms (D:1)
  3 goblins
  5 hobgoblins (D:1)
  5 jackals (D:1)
  2 quokkas (D:1)
  4 ball pythons (D:1)
  4 frilled lizards (D:1)
  2 rats (D:1)
31 creatures vanquished.

Notes
Turn   | Place    | Note
-------+----------+-------------------------------------------
     0 | D:1      | Azuregosa the Octopode Conjurer began the quest for the
                  | Orb.
     0 | D:1      | Reached XP level 1. HP: 11/11 MP: 3/3
   269 | D:1      | Reached XP level 2. HP: 13/17 MP: 5/5
   598 | D:1      | Reached XP level 3. HP: 21/21 MP: 6/6
   809 | D:1      | Learned a level 3 spell: Mephitic Cloud
  1117 | D:2      | Noticed Robin
  1129 | D:2      | HP: 1/21 [Robin/+1 heavy spear (6)]
  1131 | D:2      | Mangled by Robin

Illustrated notes

Levels and vault maps discovered:
D:1:      erik_arrival_triangle_small, layout_basic,
          ebering_dispersal_statue_hall, minmay_pentomino_p4
D:2:      layout_basic, uniq_sigmund, uniq_robin

Action                     || total
---------------------------++-------
  Melee: Unarmed           ||   104
         Tentacles         ||    31
         Constrict         ||    25
         Punch             ||     1
   Cast: Magic Dart        ||    10
         Mephitic Cloud    ||     1
   Stab: Sleeping          ||     4
 Armour: Skin              ||    48
  Dodge: Dodged            ||    85

Table legend: (Time is in decaauts)
 A = Elapsed time spent in this place.
 B = Non-inter-level travel time spent in this place.
 C = Inter-level travel time spent in this place.
 D = Time resting spent in this place.
 E = Time spent auto-exploring this place.
 F = Levels seen in this place.
 G = Mean time per level.
                   A        B        C        D        E       F      G
               +--------+--------+--------+--------+--------+-----+--------+
         Total |   1131 |   1081 |     50 |     92 |    677 |   2 |  565.5 |
       Dungeon |   1131 |   1081 |     50 |     92 |    677 |   2 |  565.5 |
               +--------+--------+--------+--------+--------+-----+--------+

Top non-repeatable levels by time:
     D:1: 1079 daAuts
     D:2: 52 daAuts
